Map: 死亡光环-天梯版

Players

Cyan

  • Race: Protoss Protoss

TIME (Oliveira) - Winner!

  • Race: Terran Terran

Event: DreamHack SC2 Masters 2020 Summer China

VOD

Have the link to the VOD?

Description

Time

  • Played on: July 4, 2020, 8:04 a.m.
  • Length: 13:39

All games in this series

Show
View Real Time Build Order
Export as new Build Order

Cyan Protoss 

Build Orders:  

Get SALT Encoding   

  12  0:00  Probe  
  13  0:12  Probe  
  14  0:17  Pylon  
  14  0:24  Probe  
  15  0:32  Probe  
  15  0:38  Gateway  
  15  0:40  Probe  
  16  0:48  Assimilator  
  17  0:51  Probe  
  18  1:03  Probe  
  19  1:15  Probe, Pylon  
  20  1:26  Cybernetics Core  
  20  1:27  Probe  
  23  1:39  Probe  
  22  1:51  Nexus, Probe  
  22  1:52  Adept  
  22  1:53  Warp Gate  
  23  2:04  Probe  
  26  2:09  Assimilator  
  25  2:15  Stalker  
  25  2:18  Probe  
  26  2:24  Pylon  
  28  2:30  Probe  
  29  2:43  Gateway  
  30  2:50  Gateway  
  29  2:55  Pylon  
  30  3:01  Stalker  
  32  3:05  Probe  
  32  3:08  Probe  
  33  3:17  Probe  
  34  3:25  Probe  
  34  3:47  Probe  
  34  3:48  Stalker x3  
  40  3:50  Probe  
  40  3:51  Pylon  
  40  3:55  Probe  
  42  3:56  Shield Battery  
  42  4:02  Probe  
  44  4:07  Pylon  
  44  4:11  Stalker x2  
  44  4:15  Stalker  
  48  4:23  Probe  
  47  4:24  Probe  
  44  4:35  Stalker, Probe  
  45  4:40  Probe  
  46  4:45  Stalker  
  46  4:47  Probe  
  46  4:50  Stalker  
  46  4:52  Probe  
  48  4:55  Probe  
  49  5:02  Probe  
  49  5:03  Twilight Council, Probe  
  49  5:05  Robotics Facility  
  50  5:10  Probe  
  52  5:18  Probe  
  52  5:19  Probe  
  53  5:25  Pylon  
  53  5:26  Shield Battery  
  53  5:28  Shield Battery  
  54  5:31  Charge, Probe x2  
  56  5:43  Probe  
  56  5:45  Assimilator, Probe  
  56  5:46  Observer  
  56  5:47  Stalker x2, Assimilator  
  62  5:55  Probe  
  64  5:58  Gateway  
  62  6:04  Shield Battery  
  62  6:05  Shield Battery  
  62  6:10  Stalker x2  
  62  6:17  Pylon  
  62  6:19  Gateway  
  62  6:24  Immortal  
  62  6:31  Zealot  
  66  6:36  Zealot x2  
  62  6:52  Stalker x2  
  58  6:56  Probe x2  
  58  6:57  Warp Prism  
  62  7:11  Gateway  
  62  7:12  Gateway x2  
  62  7:13  Stalker  
  64  7:21  Stalker  
  66  7:32  Nexus  
  66  7:40  Templar Archives  
  66  7:45  Observer  
  65  7:51  Stalker  
  65  7:57  Zealot x2  
  65  7:58  Zealot x2  
  74  8:01  Observer  
  75  8:14  Zealot x4  
  67  8:28  Probe x2  
  67  8:31  High Templar x2, Pylon  
  67  8:32  High Templar x2  
  67  8:33  High Templar  
  79  8:35  High Templar, Zealot x2  
  79  8:39  Archon x2, Pylon  
  79  8:40  Archon  
  85  8:41  Pylon  
  85  8:45  Observer  
  85  8:47  Probe x3  
  85  8:48  Pylon  
  84  9:02  Zealot x2  
  84  9:04  Probe x3  
  84  9:05  Zealot x5  
  101  9:10  Zealot  
  101  9:16  Probe x2  
  101  9:17  Probe  
  76  9:37  Warp Prism, High Templar x3  
  76  9:38  High Templar  
  78  9:41  Probe  
  78  9:44  Probe  
  78  9:45  Sentry, Archon, Zealot  
  71  9:48  Archon, Zealot x2  
  79  9:53  Probe  
  79  9:59  Pylon  
  78  10:00  Forge  
  78  10:05  Shield Battery  
  78  10:06  Shield Battery  
  78  10:07  Stalker  
  78  10:08  Zealot  
  78  10:09  Zealot  
  78  10:11  Sentry, Zealot x2  
  90  10:18  Stalker x2  
  90  10:19  Immortal  
  96  10:29  Blink, Zealot x2  
  96  10:32  Zealot  
  90  10:38  Zealot x3  
  90  10:40  Protoss Ground Weapons Level 1  
  88  10:46  Zealot x2  
  91  10:55  Assimilator x2  
  91  10:57  Zealot x2  
  91  10:58  Observer  
  91  11:02  Stalker  
  94  11:04  Stalker  
  94  11:11  Stalker x2  
  98  11:15  Zealot x2  
  104  11:20  Zealot x2  
  104  11:22  Observer  
  109  11:26  Zealot  
  109  11:29  Stalker  
  113  11:34  Sentry  
  115  11:42  Zealot x5  
  119  11:48  Zealot  
  119  11:51  Observer  
  116  11:56  Zealot  
  116  11:58  Zealot  
  118  12:08  Zealot x2  
  98  12:12  Stalker x2  
  100  12:26  Robotics Bay, Robotics Facility  
  100  12:28  Zealot x2  
  104  12:30  Immortal  
  104  12:31  Nexus  
  104  12:33  Pylon  
  104  12:37  Zealot x2  
  106  12:43  High Templar  
  106  12:44  High Templar  
  116  12:46  High Templar x2  
  116  12:47  Archon  
  116  12:50  Archon  
  120  12:53  Forge  
  120  12:55  Zealot  
  107  13:05  Zealot x2  
  107  13:06  Zealot  
  95  13:16  Zealot x3  
  79  13:20  Zealot  
  79  13:24  Zealot  
Show
View Real Time Build Order
Export as new Build Order

TIME Terran - Winner!

Build Orders:  

Get SALT Encoding   

  12  0:00  SCV  
  13  0:12  SCV  
  14  0:17  Supply Depot  
  14  0:25  SCV  
  15  0:39  SCV, Barracks  
  16  0:45  Refinery  
  16  0:51  SCV  
  17  0:58  Refinery  
  17  1:03  SCV  
  18  1:15  SCV  
  19  1:28  Orbital Command, Reaper  
  19  1:30  Supply Depot  
  20  1:47  Factory  
  20  1:53  SCV  
  21  2:00  Reaper  
  22  2:06  SCV  
  23  2:18  SCV  
  24  2:30  SCV  
  24  2:31  Hellion  
  24  2:32  Command Center  
  27  2:37  Starport  
  27  2:42  SCV  
  28  2:49  Supply Depot, Barracks Reactor  
  28  2:53  Widow Mine  
  28  2:55  SCV  
  31  3:10  SCV  
  32  3:15  Widow Mine, Medivac  
  36  3:21  Supply Depot  
  36  3:22  SCV  
  36  3:25  Marine x2  
  39  3:41  Factory Tech Lab  
  39  3:42  SCV  
  39  3:43  Marine  
  39  3:48  Starport Tech Lab  
  41  3:52  Orbital Command  
  41  3:54  SCV  
  42  3:58  Marine  
  42  4:01  Marine  
  44  4:05  Siege Tank  
  44  4:09  Banshee  
  50  4:11  SCV  
  50  4:16  Marine  
  50  4:22  SCV  
  47  4:24  SCV  
  47  4:28  Marine  
  47  4:34  Marine, SCV  
  47  4:36  SCV  
  49  4:45  Siege Tank  
  48  4:46  Marine, SCV  
  48  4:48  SCV  
  48  4:52  Marine  
  49  4:56  Banshee  
  49  4:58  SCV  
  51  5:00  SCV  
  51  5:04  Marine, Bunker  
  53  5:10  Marine, SCV  
  55  5:15  SCV  
  55  5:17  Siege Tank  
  57  5:22  Marine  
  57  5:23  SCV  
  57  5:25  Supply Depot  
  57  5:27  Marine  
  60  5:40  Marine  
  61  5:43  SCV  
  61  5:46  Banshee, Marine  
  66  5:50  Siege Tank  
  66  5:52  Command Center  
  66  5:54  SCV  
  70  6:00  Marine  
  70  6:14  Supply Depot  
  70  6:15  Supply Depot  
  70  6:16  Marine, SCV x2, Barracks  
  70  6:17  Marine, Barracks  
  70  6:28  SCV x2  
  69  6:33  Marine  
  69  6:37  Marine  
  68  6:40  SCV  
  62  6:51  Siege Tank, Marine  
  62  6:53  Raven  
  64  6:54  SCV x2  
  64  6:57  Marine  
  64  6:58  Refinery x2, Engineering Bay x2  
  67  7:05  Barracks Tech Lab  
  67  7:06  Barracks Tech Lab, SCV x2  
  69  7:09  Orbital Command, Marine  
  69  7:15  Marine  
  71  7:22  SCV  
  72  7:27  Marine  
  72  7:28  Stimpack, Marine  
  72  7:29  Marine  
  72  7:33  SCV  
  73  7:37  Terran Infantry Weapons Level 1  
  73  7:39  Barracks  
  73  7:40  Marine, Barracks  
  73  7:43  Factory Reactor  
  74  7:45  Marine  
  74  7:47  Marine, SCV  
  74  7:48  Marauder, Orbital Command  
  79  7:52  SCV  
  79  7:54  Starport Reactor  
  79  7:55  Combat Shield  
  81  7:59  SCV  
  81  8:01  Supply Depot  
  81  8:07  SCV  
  81  8:08  Terran Infantry Armor Level 1  
  81  8:11  Marine x2, SCV  
  81  8:12  Marauder  
  87  8:13  Orbital Command  
  86  8:23  Widow Mine, SCV  
  86  8:26  SCV  
  84  8:35  Marauder x2, Marine x2, SCV  
  84  8:36  Medivac x2  
  84  8:37  Supply Depot  
  84  8:39  Widow Mine  
  84  8:40  Supply Depot  
  96  8:41  Concussive Shells, Marauder  
  96  8:42  SCV  
  96  8:48  Barracks Reactor  
  97  8:53  Missile Turret  
  97  8:54  Missile Turret  
  95  8:55  Orbital Command  
  95  8:57  Marauder, Marine x2  
  95  8:58  SCV  
  95  9:00  SCV  
  98  9:06  Widow Mine x2  
  102  9:11  SCV  
  102  9:12  Marine  
  102  9:13  Marauder  
  102  9:14  Marine  
  102  9:15  SCV  
  96  9:26  Marine x2  
  96  9:27  Marauder  
  84  9:33  SCV  
  82  9:38  Marine x2  
  82  9:39  Marauder, SCV  
  82  9:41  Widow Mine x2, Medivac x2  
  82  9:44  Marine  
  97  9:48  Marauder  
  97  9:52  Marine  
  100  9:56  Marine x2  
  101  10:01  Command Center  
  101  10:05  Marine x2  
  103  10:11  Supply Depot, Widow Mine x2  
  103  10:12  SCV  
  108  10:15  Marine  
  108  10:16  Marauder  
  108  10:17  SCV  
  109  10:31  Marine x2  
  104  10:40  Medivac x2  
  104  10:41  Marine, SCV x2  
  104  10:42  Marine x2  
  108  10:43  Marauder  
  108  10:44  Widow Mine x2  
  108  10:46  Armory  
  108  10:48  Marine  
  111  10:52  Marine x2  
  113  10:59  Marine  
  113  11:00  Marauder, Marine  
  119  11:04  Marauder  
  119  11:06  Marine  
  119  11:09  SCV x2  
  119  11:10  Marine x2  
  124  11:18  Medivac  
  126  11:22  Medivac  
  126  11:23  Marauder  
  126  11:24  Orbital Command  
  126  11:25  Marauder  
  132  11:26  Marine  
  132  11:27  Marine  
  138  11:33  Widow Mine x2  
  122  11:48  Marine x2  
  122  11:49  Marauder  
  122  11:50  Medivac  
  122  11:51  SCV  
  122  11:52  Marine x2  
  130  12:05  Marine  
  130  12:08  SCV  
  124  12:11  Marauder, Marine x2  
  124  12:12  Widow Mine x2  
  131  12:18  Marine  
  128  12:24  Medivac x2  
  128  12:27  Supply Depot, Marine  
  128  12:28  Marauder, Supply Depot  
  135  12:31  Marauder  
  135  12:35  Supply Depot, SCV  
  138  12:38  Marauder, Marine  
  138  12:41  Supply Depot  
  141  12:48  Marine x2  
  141  12:51  Supply Depot, Widow Mine x2  
  145  12:53  Marine  
  145  12:54  Marine  
  145  13:11  Marine x2  
  145  13:12  Marauder  
  140  13:14  Marauder, Marine x2  
Tags
 
Add a new tag
Caveats
  • Supply blocks, unpowered buildings, or Contaminate may cause inaccurate times.
  • Supply counts are checked every 10 seconds.